 Dungeon Crawl Stone Soup version 0.27.0-1-g7a089689b8 (webtiles) character file.

Game seed: 662837452405908981

589 freelancePsychic the Chiller (level 7, -3/55 HPs)
             Began as a Naga Air Elementalist on Aug 6, 2021.
             Was a Believer of Vehumet.
             Slain by a water moccasin skeleton (4 damage)
             ... on level 5 of the Dungeon.
             The game lasted 00:13:00 (4050 turns).

freelancePsychic the Chiller (NaAE)                 Turns: 4050, Time: 00:13:00

Health: -3/55      AC:  4    Str: 16    XL:     7   Next: 38%
Magic:  7/11       EV: 10    Int: 18    God:    Vehumet [**....]
Gold:   68         SH:  0    Dex: 19    Spells: 7/12 levels left

rFire    + . .     SeeInvis +   (no weapon)
rCold    + . .     Faith    .   (no shield)
rNeg     . . .     Spirit   .   a - +0 robe
rPois    +         Reflect  .   c - +0 helmet
rElec    +         Harm     .   (no cloak)
rCorr    +         Rampage  .   (no gloves)
Will     .....     Rnd*Tele +   (no barding)
Stlth    +++.......             (no amulet)
HPRegen  0.18/turn              d - +6 ring of strength
MPRegen  0.12/turn              f - +6 ring of dexterity

@: resistant, very slow
A: AC +2, large, see invisible, deformed body, poison resistance, slowness 2,
spit poison 2, naga tail 1, agile 1, teleportitis 1
a: Breathe Poison Gas, Renounce Religion


You were on level 5 of the Dungeon.
You worshipped Vehumet.
Vehumet was pleased with you.
You visited 1 branch of the dungeon, and saw 5 of its levels.

You collected 68 gold pieces.

Inventory:

Armour
 a - a +0 robe (worn)
 c - a +0 helmet (worn)
Jewellery
 d - a +6 ring of strength (left hand)
 f - a +6 ring of dexterity (right hand)
 g - a ring of wizardry


   Skills:
 - Level 1.5 Dodging
 - Level 3.9 Stealth
 - Level 3.0 Spellcasting
 - Level 3.2 Conjurations
 - Level 2.3 Fire Magic
 * Level 5.3 Ice Magic
 - Level 3.2 Air Magic


You had 7 spell levels left.
You knew the following spells:

 Your Spells              Type           Power      Damage    Failure   Level
a - Shock                 Conj/Air       56%        1d6       4%          1
b - Foxfire               Conj/Fire      48%        2x1d6     5%          1
c - Frozen Ramparts       Ice            42%        1d6       5%          3

Your spell library contained the following spells:

 Spells                   Type           Power      Damage    Failure   Level
 Ozocubu's Armour         Ice            21%        N/A       5%          3
 Static Discharge         Conj/Air       14%        N/A       7%          2
 Swiftness                Air            14%        N/A       13%         3
 Airstrike                Air            7%         N/A       38%         4
 Ozocubu's Refrigeration  Ice            10%        4d7       100%        7


Dungeon Overview and Level Annotations

Branches:
Dungeon (4/15)
 Temple: D:4-7

Altars:
Okawaru
Vehumet

Annotations:
D:2 Terence


Innate Abilities, Weirdness & Mutations

Your serpentine skin is tough. (AC +2)
You have supernaturally acute eyesight. (SInv)
Armour fits poorly on your strangely shaped body.
Your system is resistant to poisons. (rPois)
You cover ground very slowly.
You can exhale a cloud of poison.
You have a snake-like lower body.
You are agile. (Dex +2)
You are occasionally teleported next to monsters.


Message History

Confirm with . or Enter, or press ? or * to list all spells.
You conjure some foxfire!
The adder closely misses you.
The water moccasin skeleton completely resists.
The wall freezes the water moccasin skeleton but does no damage.
The water moccasin skeleton bites you.
* * * LOW HITPOINT WARNING * * *
The adder barely misses you.
Casting: Foxfire (safe; 5% risk of failure)
Confirm with . or Enter, or press ? or * to list all spells.
There is not enough space to conjure foxfire!
The frozen ramparts melt away.
The foxfire hits the water moccasin skeleton.
The water moccasin skeleton is lightly damaged.
The foxfire hits the adder.
You kill the adder!
Vehumet accepts your kill. The water moccasin skeleton bites you.
* * * LOW HITPOINT WARNING * * *
You aren't carrying any scrolls.
You aren't carrying any potions.
Casting: Foxfire (safe; 5% risk of failure)
Confirm with . or Enter, or press ? or * to list all spells.
You conjure some foxfire!
The water moccasin skeleton closely misses you.
You hit the black bear.
The black bear is lightly wounded.
The foxfire hits the water moccasin skeleton.
The water moccasin skeleton is moderately damaged.
The foxfire hits the black bear but does no damage.
The black bear is lightly wounded.
The water moccasin skeleton barely misses you.
The black bear bites you.
* * * LOW HITPOINT WARNING * * *
The black bear claws you.
* * * LOW HITPOINT WARNING * * *
The black bear barely misses you.
You barely miss the black bear.
The black bear is lightly wounded.
The water moccasin skeleton bites you.
You die...

.............#.
)......$.......
...............
...............
..............#
..............#
......Z........
#@h...#
#####.... [


You could see a black bear and a water moccasin skeleton.

Vanquished Creatures
  A yak (D:5)
  A phantom (D:5)
  A scorpion (D:5)
  A bullfrog zombie (D:5)
  A jelly (D:3)
  2 bullfrog skeletons
  Ijyb (D:3)
  Robin (D:1)
  5 adders
  3 worms
  An adder skeleton (D:4)
  2 dart slugs
  An orc (D:4)
  7 ball pythons
  4 endoplasms
  8 giant cockroaches
  16 goblins
  6 hobgoblins
  6 jackals
  2 quokkas
  5 bats
  4 frilled lizards
  5 kobolds
  6 rats
90 creatures vanquished.

Vanquished Creatures (others)
  293 foxfires
293 creatures vanquished.

Grand Total: 383 creatures vanquished

Notes
Turn   | Place    | Note
-------+----------+-------------------------------------------
     0 | D:1      | freelancePsychic the Naga Air Elementalist began the quest
                  | for the Orb.
     0 | D:1      | Reached XP level 1. HP: 15/15 MP: 3/3
   301 | D:1      | Reached XP level 2. HP: 22/22 MP: 0/5
   529 | D:1      | Found a faded altar of an unknown god.
   536 | D:1      | Became a worshipper of Vehumet
   536 | D:1      | Reached * piety under Vehumet
   536 | D:1      | Offered knowledge of Foxfire by Vehumet.
   539 | D:1      | Learned a level 1 spell: Foxfire
   961 | D:1      | Reached XP level 3. HP: 12/28 MP: 0/6
  1497 | D:2      | Reached skill level 1 in Fire Magic
  1900 | D:2      | Noticed Robin
  1911 | D:2      | Reached XP level 4. HP: 35/36 MP: 1/8
  1958 | D:1      | Killed Robin
  2050 | D:2      | Reached ** piety under Vehumet
  2050 | D:2      | Offered knowledge of Freeze by Vehumet.
  2367 | D:2      | Found an iron altar of Okawaru.
  2375 | D:2      | Noticed Terence
  2679 | D:2      | Reached XP level 5. HP: 42/42 MP: 7/9
  3206 | D:3      | Noticed Ijyb
  3214 | D:3      | Gained mutation: You are occasionally teleported next to
                  | monsters. [potion of mutation]
  3214 | D:3      | Gained mutation: You can exhale a cloud of poison. [potion
                  | of mutation]
  3214 | D:3      | Gained mutation: You are agile. (Dex +2) [potion of
                  | mutation]
  3231 | D:3      | Killed Ijyb
  3425 | D:3      | Reached skill level 1 in Ice Magic
  3508 | D:3      | Offered knowledge of Frozen Ramparts by Vehumet.
  3513 | D:3      | Learned a level 3 spell: Frozen Ramparts
  3727 | D:4      | Reached XP level 6. HP: 49/49 MP: 6/10
  3873 | D:4      | Reached skill level 2 in Ice Magic
  4011 | D:4      | You fall into a shaft and drop 1 floor!
  4011 | D:5      | Entered Level 5 of the Dungeon
  4012 | D:5      | Noticed a yak
  4027 | D:5      | Reached skill level 3 in Ice Magic
  4032 | D:5      | Killed a yak
  4033 | D:5      | Reached skill level 4 in Ice Magic
  4033 | D:5      | Reached XP level 7. HP: 39/55 MP: 6/11
  4042 | D:5      | Reached skill level 5 in Ice Magic
  4049 | D:5      | HP: 2/55 [black bear (2)]
  4050 | D:5      | Slain by a water moccasin skeleton

Illustrated notes

Levels and vault maps discovered:
D:1:      tarquinn_simple_flora_water_a, layout_basic, basic_ecumenical_altar,
          serial_corexii_hall, chequers_hall_statues_wall_a,
          chequers_hall_statues_y, corexii_hall_statues_u,
          corexii_hall_statues_x
D:2:      layout_basic, basic_altar, uniq_robin, uniq_terence
D:3:      layout_rooms, uniq_ijyb
D:4:      layout_gridville, minmay_manual_mandibuliform
D:5:      layout_rooms, grunt_temple_overflow_magic_moments, lemuel_round_altar,
          minmay_temple_entry_waves, minmay_bent

Skill      XL: |  1  2  3  4  5  6  7 |
---------------+----------------------+-----
Fire Magic     | 1 2 |  2.3
Conjurations   | 2 3 |  3.2
Spellcasting   | 3 |  3.0
Ice Magic      | 1 4 5 |  5.3
Dodging        | |  1.5
Stealth        | |  3.9
Air Magic      | |  3.2

Action                   |  1- 3 |  4- 6 |  7- 9 || total
-------------------------+-------+-------+-------++-------
Melee: Unarmed           |     6 |    17 |    13 ||    36
 Cast: Shock             |    32 |     9 |       ||    41
       Foxfire           |    45 |   119 |     2 ||   166
       Frozen Ramparts   |       |     3 |     1 ||     4
 Abil: Spit Poison       |     2 |       |       ||     2
       Breathe Poison Ga |       |     1 |       ||     1
  Use: Potion            |     3 |     4 |     1 ||     8
       Scroll            |     1 |     2 |       ||     3
Armor: Robe              |     1 |     7 |       ||     8
       Skin              |       |    64 |    42 ||   106
Dodge: Dodged            |    14 |    13 |    10 ||    37
